 Dungeon Crawl Stone Soup version 0.30-a0-42-g806c11bf1d (webtiles) character file.

Game seed: 17825293066954813042

41 Murumi the Shield-Bearer (level 3, -5/30 HPs)
             Began as a Formicid Fighter on Aug 30, 2022.
             Slain by Terence
             ... wielding a +0 flail
              (9 damage)
             ... on level 1 of the Dungeon.
             The game lasted 00:03:38 (1230 turns).

Murumi the Shield-Bearer (Formicid Fighter)         Turns: 1230, Time: 00:03:38

Health: -5/30      AC:  9    Str: 20    XL:     3   Next: 75%
Magic:  12/12      EV:  7    Int:  9    God:
Gold:   120        SH:  5    Dex: 13    Spells: 2/2 levels left

rFire   . . .      SeeInvis +    a - +0 flail
rCold   . . .      Faith    .    c - +0 buckler
rNeg    . . .      Spirit   .    h - +0 chain mail
rPois   .          Reflect  .    (helmet unavailable)
rElec   .          Harm     .    (no cloak)
rCorr   .          Rampage  .    (no gloves)
Will    .....                    (no boots)
Stlth   ..........               (no amulet)
HPRegen 0.10/turn                b - ring of magical power
MPRegen 0.13/turn                (no ring)

@: no status effects
A: permanent stasis, dig shafts and tunnels, antennae 3, four strong arms
a: Dig, Shaft Self


You were on level 1 of the Dungeon.
You visited 1 branch of the dungeon, and saw 2 of its levels.

You collected 120 gold pieces.

Inventory:

Hand Weapons
 a - a +0 flail (weapon)
Missiles
 f - 8 stones
 g - 2 javelins
Armour
 c - a +0 buckler (worn)
 h - a +0 chain mail (worn)
Jewellery
 b - a ring of magical power (left hand)
Potions
 d - a potion of might
 e - a potion of lignification


   Skills:
 - Level 4.0 Fighting
 - Level 2.0 Maces & Flails
 - Level 1.0 Throwing
 - Level 4.0 Armour
 + Level 0.0 Dodging
 - Level 1.0 Stealth
 - Level 4.0 Shields


You had 2 spell levels left.
You didn't know any spells.
Your spell library was empty.

Dungeon Overview and Level Annotations

Branches:
Dungeon (2/15)

Altars:

Annotations:
D:1 Terence


Innate Abilities, Weirdness & Mutations

You cannot be hasted, slowed, berserked, paralysed or teleported.
You can dig through walls and to a lower floor.
You have a pair of large antennae on your head. (SInv)
Your four strong arms can wield two-handed weapons with a shield.


Message History

There is a stone staircase leading up here.
You block the quokka's attack. Terence closely misses you.
You climb upwards.
There is a stone staircase leading down here.
You thump the quokka!
You kill the quokka!
You block Terence's attack. Terence hits you with a +0 flail.
Training target 1.0 for Throwing reached!
Your Throwing skill increases to level 1!
You need to enable at least one skill for training.
Press: ? - help, v - describe, . - travel
Here: Terence, wielding a +0 flail and wearing a +0 scale mail The floor.
You hit Terence.
Terence is lightly wounded.
Terence hits you but does no damage.
You closely miss Terence.
Terence is lightly wounded.
You block Terence's attack.
You hit Terence.
Terence is lightly wounded.
Terence hits you with a +0 flail. Terence hits you with a +0 flail!
* * * LOW HITPOINT WARNING * * *
You are too injured to fight recklessly!
You hit Terence.
Terence is moderately wounded.
You block Terence's attack.
You hit Terence.
Terence is heavily wounded.
Terence hits you with a +0 flail.
* * * LOW HITPOINT WARNING * * *
You hit Terence but do no damage.
Terence is heavily wounded.
Terence drinks a potion.
Terence is healed!
You closely miss Terence.
Terence is moderately wounded.
Terence hits you with a +0 flail.
* * * LOW HITPOINT WARNING * * *
Terence hits you with a +0 flail!
You die...

#########
#.......################
#.#####.##.........[....
#.....#.##.#############
#####.#.##.####### #
#.#.##.......# #
#####.#†##.......# #
#.....#@##.......# #
#.#####@##.......# #
#.##.............# #
#....##.###>.....# #
#######..##......#######
#.................
#.###......####### #.#
######## # #.# #


You could see Terence.

Vanquished Creatures
  A dart slug (D:2)
  3 endoplasms (D:1)
  A giant cockroach (D:1)
  2 goblins (D:1)
  3 hobgoblins (D:1)
  7 jackals (D:1)
  2 kobolds
  3 quokkas (D:1)
  6 ball pythons (D:1)
  3 frilled lizards (D:1)
  4 rats
35 creatures vanquished.

Notes
Turn   | Place    | Note
-------+----------+-------------------------------------------
     0 | D:1      | Murumi the Formicid Fighter began the quest for the Orb.
     0 | D:1      | Reached XP level 1. HP: 18/18 MP: 1/1
   222 | D:1      | Reached XP level 2. HP: 25/25 MP: 2/2
   493 | D:1      | Found a faded altar of an unknown god.
   500 | D:1      | Reached XP level 3. HP: 30/30 MP: 3/3
   914 | D:1      | Reached skill level 1 in Stealth
  1155 | D:2      | Noticed Terence
  1224 | D:1      | Reached skill level 1 in Throwing
  1230 | D:1      | Slain by Terence

Illustrated notes

Levels and vault maps discovered:
D:1:      amcnicky_arrival_underground_garden, layout_basic,
          ebering_ecumenical_altar_mist, minmay_misc_feat_tower, minmay_domino_4
D:2:      kennysheep_six_static_rooms, layout_basic, uniq_jessica, uniq_terence,
          uniq_crazy_yiuf_cottage

Skill      XL: |  1  2  3 |
---------------+----------+-----
Fighting       | 4 |  4.0
Armour         | 4 |  4.0
Stealth        | 1 |  1.0
Throwing       | 1 |  1.0
Maces & Flails | |  2.0
Shields        | |  4.0

Action                   || total
-------------------------++-------
Melee: Flail             ||    90
  Use: Scroll            ||     4
Armor: Scale mail        ||    27
       Chain mail        ||     6
Dodge: Dodged            ||    33
Block: Buckler           ||    23

Table legend: (Time is in decaauts)
 A = Elapsed time spent in this place.
 B = Non-inter-level travel time spent in this place.
 C = Inter-level travel time spent in this place.
 D = Time resting spent in this place.
 E = Time spent auto-exploring this place.
 F = Levels seen in this place.
 G = Mean time per level.
                   A        B        C        D        E       F      G
               +--------+--------+--------+--------+--------+-----+--------+
         Total |   1260 |   1152 |    108 |    154 |    772 |   2 |  630.0 |
       Dungeon |   1260 |   1152 |    108 |    154 |    772 |   2 |  630.0 |
               +--------+--------+--------+--------+--------+-----+--------+

Top non-repeatable levels by time:
     D:1: 1229 daAuts
     D:2: 30 daAuts
